AoeStats
← Warko

Black Forest

508613579Analyzed
4v4 RM · 10d ago on Sep 23, 2026· 79m 56s· 8 players
Game mode
Random Map
Map size
Large (8 player)
Population
200
Speed
Normal
Resources
Standard
Victory
Conquest
Starting age
Dark Age
Ending age
Imperial Age
RankedLock teamsTeams togetherTeam positionsShared explorationLock speedFull tech treeHidden civsTurbo modeCheats
Victory
Defeat
🇺🇦 Hindustanis · Ukraine
815
+13
🇦🇷 Danes · Argentina
788
+14
🇨🇳 Huns · China
721
+17
🇪🇸 Khmer · Spain
647
+19
🇬🇧 Hindustanis · United Kingdom
788
-18
🇫🇷 Byzantines · France
742
-16
🇹🇷 Spanish · Türkiye
728
-15
🇩🇪 Franks · Germany
697
-14
Warko
0:49 Loom
15:51 Feudal Age
18:02 Horse Collar
18:16 Double-Bit Axe
24:29 Castle Age
25:00 Wheelbarrow
24:20 Fletching
26:31 Caravan
27:02 Bow Saw
27:08 Gold Mining
31:48 Thumb Ring
31:47 Padded Archer Armor
33:57 Fishing Lines
34:50 Bodkin Arrow
35:18 Hand Cart
38:58 Leather Archer Armor
41:03 Murder Holes
41:00 Guard Tower
42:41 Scale Barding Armor
42:48 Forging
43:27 Gillnets
47:00 Imperial Age
44:42 Pikeman
45:29 Squires
46:24 Iron Casting
45:51 Scale Mail Armor
47:06 Heavy Cavalry Archer
47:50 Bracer
53:11 Chain Barding Armor
53:22 Ring Archer Armor
55:31 Elite Skirmisher
67:20 Chemistry
72:30 Elite Cataphract
Tennessee Boomer
5:59 Loom
6:11 Loom
12:24 Feudal Age
17:25 Castle Age
15:17 Double-Bit Axe
15:18 Horse Collar
16:34 Wheelbarrow
18:45 Bow Saw
18:37 Heavy Plow
25:53 Stone Mining
25:54 Gold Mining
27:03 Hand Cart
28:18 Caravan
29:21 Gold Shaft Mining
29:22 Stone Shaft Mining
30:07 Ballistics
29:44 Murder Holes
33:12 Imperial Age
30:59 Town Watch
32:14 Grand Trunk Road
32:53 Padded Archer Armor
32:44 Fletching
33:03 Scale Barding Armor
33:09 Forging
35:13 Chemistry
34:19 Siege Engineers
34:25 Fortified Wall
34:36 Leather Archer Armor
34:27 Bodkin Arrow
36:08 Thumb Ring
36:10 Shatagni
36:32 Conscription
35:44 Light Cavalry
36:34 Bloodlines
36:40 Bloodlines
37:31 Heavy Cavalry Archer
38:15 Husbandry
38:52 Town Patrol
39:24 Ring Archer Armor
38:55 Bracer
39:27 Chain Barding Armor
39:43 Iron Casting
38:47 Hussar
43:31 Plate Barding Armor
44:33 Heavy Camel Rider
46:32 Imperial Camel Rider
67:19 Siege Elephant
71:34 Blast Furnace
71:44 Blast Furnace
Buddy
0:28 Loom
17:09 Feudal Age
23:17 Castle Age
23:57 Double-Bit Axe
37:51 Imperial Age
36:42 Wheelbarrow
38:28 Bow Saw
39:56 Chemistry
39:23 Cavalier
40:03 Husbandry
40:15 Scale Barding Armor
40:21 Forging
42:47 Paladin
43:43 Chivalry
44:11 Gold Mining
44:47 Chain Barding Armor
45:03 Iron Casting
48:14 Gold Shaft Mining
48:28 Plate Barding Armor
51:32 Arrowslits
51:59 Fortified Wall
55:06 Blast Furnace
54:42 Coinage
54:12 Caravan
58:34 Banking
58:07 Scale Mail Armor
58:08 Padded Archer Armor
57:58 Fletching
69:00 Hand Cart
68:33 Town Watch
69:07 Chain Mail Armor
69:07 Leather Archer Armor
TheKingsTr
3:01 Loom
13:52 Feudal Age
16:07 Double-Bit Axe
16:16 Man-at-Arms
19:17 Horse Collar
19:29 Gold Mining
22:02 Wheelbarrow
21:16 Town Watch
21:32 Stone Mining
22:54 Padded Archer Armor
26:04 Castle Age
24:47 Padded Archer Armor
25:48 Fletching
26:00 Scale Mail Armor
27:01 Bow Saw
27:05 Bodkin Arrow
27:10 Elite Skirmisher
30:51 Caravan
30:45 Gambesons
32:36 Leather Archer Armor
33:30 Heavy Plow
33:17 Pikeman
33:58 Squires
33:43 Arson
35:03 Stone Shaft Mining
34:55 Ballistics
35:02 Ballistics
36:04 Thumb Ring
36:35 Coinage
36:18 Inquisition
37:37 Hand Cart
40:21 Imperial Age
39:46 Masonry
39:52 Fortified Wall
39:07 Long Swordsman
40:08 Chain Mail Armor
40:04 Forging
41:19 Hand Cart
42:15 Chemistry
40:46 Light Cavalry
42:45 Two-Man Saw
43:40 Conscription
44:11 Bloodlines
45:21 Ring Archer Armor
44:52 Bracer
44:28 Heavy Mounted Crossbowman
48:57 Iron Casting
48:52 Plate Mail Armor
48:28 Scale Barding Armor
49:00 Elite Conquistador
51:32 Husbandry
53:03 Hussar
53:26 Onager
56:27 Two-Handed Swordsman
0800goon
0:55 Loom
15:24 Feudal Age
17:10 Wheelbarrow
16:21 Horse Collar
16:27 Double-Bit Axe
27:29 Castle Age
26:51 Gold Mining
26:53 Stone Mining
29:09 Hand Cart
28:40 Town Watch
29:21 Bow Saw
35:24 Heavy Plow
40:22 Imperial Age
38:09 Forging
37:59 Scale Mail Armor
38:05 Scale Barding Armor
38:00 Padded Archer Armor
37:51 Fletching
38:31 Arson
38:47 Squires
38:32 Gambesons
38:08 Pikeman
39:38 Gold Shaft Mining
39:08 Town Patrol
39:53 Stone Shaft Mining
40:05 Iron Casting
39:45 Chain Mail Armor
39:46 Leather Archer Armor
39:27 Bodkin Arrow
40:00 Elite Skirmisher
40:47 Thumb Ring
40:02 Crossbowman
41:02 Halberdier
42:15 Bracer
42:21 Onager
43:41 Conscription
45:21 Capped Ram
45:30 Elite Jomsviking
47:59 Blast Furnace
47:30 Plate Mail Armor
48:13 Chemistry
47:33 Ballistics
49:21 Siege Ram
50:47 Ring Archer Armor
50:37 Chain Barding Armor
65:10 Siege Onager
66:14 Elite Varangian Guard
74:27 Caravan
He
0:28 Loom
13:11 Feudal Age
20:45 Castle Age
19:10 Double-Bit Axe
19:07 Horse Collar
20:41 Stone Mining
21:06 Gold Mining
33:18 Imperial Age
31:58 Heavy Plow
33:08 Wheelbarrow
32:29 Town Watch
33:18 Bow Saw
34:54 Conscription
34:48 Squires
35:14 Forging
35:05 Scale Mail Armor
35:18 Fortified Wall
35:20 Masonry
36:50 Caravan
36:20 Elite Ghulam
37:11 Husbandry
38:00 Hand Cart
38:29 Grand Trunk Road
40:59 Chain Mail Armor
41:19 Iron Casting
41:27 Stone Shaft Mining
41:27 Gold Shaft Mining
40:51 Murder Holes
41:19 Ballistics
41:59 Chemistry
43:08 Two-Man Saw
44:26 Heavy Camel Rider
45:16 Bloodlines
47:04 Imperial Camel Rider
49:05 Siege Engineers
51:52 Scale Barding Armor
52:48 Blast Furnace
51:39 Fletching
55:36 Hoardings
万象2024
15:00 Feudal Age
22:38 Castle Age
33:06 Stone Mining
32:59 Horse Collar
33:07 Double-Bit Axe
34:15 Forging
34:55 Gold Mining
35:42 Iron Casting
35:26 Bow Saw
35:18 Heavy Plow
36:31 Scale Barding Armor
36:28 Scale Mail Armor
41:09 Chain Barding Armor
41:47 Gold Shaft Mining
41:50 Wheelbarrow
41:02 Town Watch
44:22 Imperial Age
41:39 Loom
41:56 Town Patrol
42:19 Chain Mail Armor
41:55 Fletching
42:30 Bloodlines
42:21 Husbandry
41:43 Elite Skirmisher
43:07 Masonry
42:57 Murder Holes
46:15 Blast Furnace
45:53 Plate Barding Armor
45:14 Bodkin Arrow
45:57 Caravan
46:06 Arson
45:41 Pikeman
46:21 Squires
45:51 Cavalier
47:00 Conscription
47:42 Halberdier
49:42 Parthian Tactics
60:08 Paladin
69:43 Marauders
70:53 Two-Man Saw
zuralvsa
15:02 Feudal Age
23:53 Castle Age
21:55 Double-Bit Axe
22:06 Horse Collar
22:28 Stone Mining
23:42 Gold Mining
26:04 Wheelbarrow
26:05 Bow Saw
25:58 Heavy Plow
26:59 Stone Shaft Mining
32:17 Imperial Age
31:39 Gold Shaft Mining
31:21 Hand Cart
33:01 Loom
33:02 Town Watch
35:01 Heavy Scorpion
36:11 Ballistics
36:52 Chemistry
36:19 Guard Tower
38:08 Caravan
38:36 Double Crossbow
39:31 Crop Rotation
39:30 Capped Ram
41:08 Light Cavalry
41:59 Bloodlines
41:49 Husbandry
43:25 Hussar
48:11 Tusk Swords
48:33 Conscription
59:22 Pikeman
61:51 Halberdier
69:45 Town Patrol
Connection lost

Rejoining the realm…

Still unreachable

The connection could not be restored.

Session expired

The server has moved on; the page needs a fresh start.